 Dungeon Crawl Stone Soup version 0.18.1-50-g88ac8fd (webtiles) character file.

135 RudyRod the Skirmisher (level 5, 0/49 HPs)
             Began as a Naga Fighter on Oct 18, 2016.
             Slain by Sigmund
             ... wielding a +3 scythe of slicing
              (21 damage)
             ... on level 3 of the Dungeon.
             The game lasted 00:07:44 (2440 turns).

RudyRod the Skirmisher (Naga Fighter)               Turns: 2440, Time: 00:07:45

Health: 0/49       AC:  5    Str: 25    XL:     5   Next: 18%
Magic:  5/5        EV:  6    Int:  8    God:
Gold:   113        SH:  9    Dex: 10    Spells: 0 memorised, 4 levels left

rFire  . . .     SeeInvis +     a - +0 trident
rCold  . . .     Gourm    .     b - +0 scale mail
rNeg   . . .     Faith    .     c - +0 shield
rPois  +         Spirit   .     (no helmet)
rElec  .         Dismiss  .     (no cloak)
rCorr  .         Reflect  .     (no gloves)
SustAt .         Harm     .     (no barding)
MR     .....                    (no amulet)
Stlth  ..........               (no ring)
                                (no ring)

@: mighty, very slow, not resistant to hostile enchantments, extremely
unstealthy
A: see invisible, deformed body, poison resistance, slowness 2, slow metabolism
1, spit poison 2, AC +1
a: Spit Poison


You were on level 3 of the Dungeon.
You were not hungry.

You visited 1 branch of the dungeon, and saw 3 of its levels.

You collected 113 gold pieces.

Inventory:

Hand Weapons
 a - a +0 trident (weapon)
Armour
 b - a +0 scale mail (worn)
 c - a +0 shield (worn)
 r - a +0 large shield
Wands
 m - a wand of lightning (9/15)
Scrolls
 e - 6 scrolls of identify {unknown}
 i - a scroll of amnesia {unknown}
 j - a scroll of immolation {unknown}
 k - 2 scrolls of random uselessness {unknown}
 l - 2 scrolls of remove curse {unknown}
 n - a scroll of teleportation {unknown}
 q - a scroll of enchant armour {unknown}
Potions
 o - a potion of agility {unknown}
 p - a potion of heal wounds {unknown}
 s - a potion of brilliance {unknown}
 t - a potion of cure mutation {unknown}
Comestibles
 f - 2 bread rations
 g - 3 meat rations
 h - a beef jerky


   Skills:
 + Level 3.5 Fighting
 + Level 2.4 Polearms
 + Level 2.9 Armour
 * Level 1.4 Dodging
 * Level 1.9 Stealth
 * Level 3.2 Shields


You had 4 spell levels left.
You didn't know any spells.

Dungeon Overview and Level Annotations

Branches:
Dungeon (3/15)

Altars:
Ru

Annotations:
D:3 Sigmund


Innate Abilities, Weirdness & Mutations

You cannot wear boots.
Your serpentine skin is tough (AC +1).
You have supernaturally acute eyesight.
Armour fits poorly on your strangely shaped body.
Your system is resistant to poisons.
You cover ground very slowly.
You have a slow metabolism.
You can spit poison.


Message History

You kill the giant cockroach!
The orc priest calls down the wrath of Beogh upon you.
Beogh smites you! The adder barely misses you.
You puncture the adder!
You kill the adder!
Sigmund barely misses you.
Drink which item? (? for menu, Esc to quit)
You feel very mighty all of a sudden.
The orc priest hits you but does no damage.
Sigmund barely misses you.
A rat comes into view.
You puncture the orc priest!
The orc priest is heavily wounded.
The orc priest invokes the aid of Beogh against you.
Pain shoots through your body! Sigmund closely misses you.
You puncture the orc priest!
The orc priest is almost dead.
You block the orc priest's attack.
Sigmund hits you from afar with a scythe of slicing!!
You die...

.#.# ... ._. .# ... . .#
#.# .. .# ... ... .#
###.### .... .# .....
.....
.######.##########oo....
..........##.#..@ooo....
...........(....##@r....
..........##......##.###
..........##...##......
...............# ###.# #
..#.#####...##... .
....# ##..##.#.. ##...
....#.###. %#.. ..


You could see Sigmund, 2 orc priests, 3 orcs and a rat.

Vanquished Creatures
  A hound (D:3)
  2 gnolls (D:3)
  2 adders
  An ooze (D:2)
  2 dart slugs (D:1)
  A giant gecko (D:2)
  2 orcs (D:3)
  5 giant cockroaches
  6 goblins
  8 hobgoblins
  3 jackals (D:2)
  A quokka (D:2)
  7 bats
  2 giant newts
  2 kobolds
  14 rats
59 creatures vanquished.

Notes
Turn   | Place    | Note
--------------------------------------------------------------
     0 | D:1      | RudyRod the Naga Fighter began the quest for the Orb.
     0 | D:1      | Reached XP level 1. HP: 21/21 MP: 1/1
   503 | D:1      | Reached XP level 2. HP: 27/28 MP: 2/2
  1136 | D:2      | Reached XP level 3. HP: 28/34 MP: 3/3
  1463 | D:2      | Reached skill level 1 in Stealth
  1541 | D:2      | Reached skill level 1 in Dodging
  1699 | D:2      | Reached XP level 4. HP: 42/42 MP: 4/4
  2009 | D:3      | Found a faded altar to an unknown god.
  2158 | D:3      | Reached XP level 5. HP: 16/49 MP: 5/5
  2420 | D:3      | Found a sacrificial altar of Ru.
  2431 | D:3      | Noticed Sigmund
  2440 | D:3      | Slain by Sigmund

Skill      XL: |  1  2  3 |
---------------+----------+-----
Stealth        | 1 |  1.9
Dodging        | 1 |  1.4
Shields        | 3 |  3.2
Fighting       | |  3.5
Polearms       | |  2.4
Armour         | |  2.9

Action                   |  1- 3 |  4- 6 || total
-------------------------+-------+-------++-------
Melee: Trident           |   126 |    78 ||   204
 Abil: Spit Poison       |     9 |     4 ||    13
  Use: Potion            |       |     1 ||     1
  Eat: Chunk             |     2 |     3 ||     5
Armor: Scale mail        |    49 |    43 ||    92
Dodge: Dodged            |    25 |    30 ||    55
Block: Shield            |    81 |    59 ||   140
